 Dungeon Crawl Stone Soup version 0.20.1-1-g8b1a95d (webtiles) character file.

93 Kingsmith the Caller (level 4, 0/24 HPs)
             Began as a Deep Elf Summoner on Dec 8, 2017.
             Succumbed to an orc's poison
             ... on level 3 of the Dungeon.
             The game lasted 00:06:36 (3160 turns).

Kingsmith the Caller (Deep Elf Summoner)            Turns: 3160, Time: 00:06:37

Health: 0/24       AC:  2    Str:  6    XL:     4   Next: 36%
Magic:  8/12       EV: 18    Int: 20    God:
Gold:   98         SH:  0    Dex: 20    Spells: 1/11 levels left

rFire    + . .     SeeInvis .   f - +1 whip (pain)
rCold    . . .     Gourm    .   (no shield)
rNeg     . . .     Faith    .   a - +0 robe
rPois    .         Spirit   .   (no helmet)
rElec    .         Reflect  .   (no cloak)
rCorr    .         Harm     .   (no gloves)
MR       .....                  (no boots)
Stlth    +++.......             (no amulet)
Regen    0.1/turn               (no ring)
MPRegen  0.2/turn               (no ring)

@: agile, lethally poisoned (0 -> -9)
A: fire resistance 1, evolution 1
a: no special abilities


You were on level 3 of the Dungeon.
You were not hungry.

You visited 1 branch of the dungeon, and saw 3 of its levels.

You collected 98 gold pieces.

Inventory:

Hand Weapons
 f - a +1 whip of pain (weapon)
Armour
 a - a +0 robe (worn)
Scrolls
 d - a scroll of blinking {unknown}
 e - a scroll of fear {unknown}
 h - 4 scrolls of identify {unknown}
 i - 2 scrolls of recharging {unknown}
 l - a scroll of amnesia {unknown}
 m - 3 scrolls of teleportation {unknown}
 p - a scroll of enchant weapon {unknown}
Books
 b - a book of Callings

   Spells                             Type                      Level
   a - Summon Small Mammal            Summoning                    1
   b - Call Imp                       Summoning                    2
   c - Call Canine Familiar           Summoning                    3
   d - Summon Guardian Golem          Hexes/Summoning              3
   e - Summon Lightning Spire         Summoning/Air                4
   f - Summon Ice Beast               Ice/Summoning                4
Comestibles
 c - 2 bread rations
 g - a meat ration
 k - a royal jelly
 o - a chunk of flesh


   Skills:
 - Level 2.4 Dodging
 - Level 2.4 Stealth
 - Level 4.0 Spellcasting
 + Level 6.0 Summonings


You had one spell level left.
You knew the following spells:

 Your Spells              Type           Power        Failure   Level  Hunger
a - Summon Small Mammal   Summ           ####         1%          1    None
b - Call Imp              Summ           ####....     1%          2    #......
c - Call Canine Familiar  Summ           ####....     3%          3    ###....
d - Summon Ice Beast      Ice/Summ       ###.....     36%         4    ####...


Dungeon Overview and Level Annotations

Branches:
Dungeon (3/15)

Altars:


Innate Abilities, Weirdness & Mutations

Your flesh is heat resistant. (rF+)
You evolve.


Message History

You feel sick.
Your hound bites the orc.
It was a potion of mutation.
You feel extremely strange.
You feel nature experimenting on you.
Don't worry, failures die fast.
You feel resistant to heat.
* * * LOW HITPOINT WARNING * * *
You feel sick.
Your hound bites the orc but does no damage.
The orc barely misses your hound.
Your hound bites the orc but does no damage.
It was a potion of agility.
You feel agile all of a sudden.
* * * LOW HITPOINT WARNING * * *
You feel sick. The orc closely misses your hound.
Your hound barely misses the orc.
* * * LOW HITPOINT WARNING * * *
You feel sick.
Your hound bites the orc.
The orc dies!
* * * LOW HITPOINT WARNING * * *
You feel sick.
You die...

#......# ####
#......##...).
#<........# #.......###
##.........#
#.......##..# .#
###.....#####.######.#
#...###..............#
......#..####...@.P..#
........P#..#(.####....#
.........#..'..#..# ...
.##.##...####.h#§.# ....
###......#..'.(#(##....
# ###....#..#..).......
# #..#####).)....... ##
..#..'...####...> .# #
#.)#†⌠.)..# ...


There were no monsters in sight!

Vanquished Creatures
  An adder (D:2)
  5 leopard geckos
  An orc (D:3)
  2 bats
  3 goblins (D:3)
  5 hobgoblins
  3 kobolds
  A quokka (D:2)
  7 rats
28 creatures vanquished.

Vanquished Creatures (collateral kills)
  2 adders (D:2)
  A worm (D:2)
  2 dart slugs (D:1)
  4 orcs (D:3)
  3 ball pythons
  4 bats
  A giant cockroach (D:2)
  2 goblins
  6 hobgoblins
  10 jackals (D:2)
  6 kobolds
  2 quokkas (D:2)
  3 frilled lizards
  5 rats (D:2)
51 creatures vanquished.

Grand Total: 79 creatures vanquished

Notes
Turn   | Place    | Note
-------+----------+-------------------------------------------
     0 | D:1      | Kingsmith the Deep Elf Summoner began the quest for the Orb.
     0 | D:1      | Reached XP level 1. HP: 10/10 MP: 6/6
   622 | D:1      | Reached XP level 2. HP: 15/15 MP: 4/8
   622 | D:1      | Reached skill level 5 in Summonings
   943 | D:1      | Learned a level 2 spell: Call Imp
  1326 | D:2      | Reached XP level 3. HP: 3/19 MP: 6/9
  1552 | D:2      | Learned a level 3 spell: Call Canine Familiar
  2753 | D:2      | Reached XP level 4. HP: 24/24 MP: 12/12
  2770 | D:2      | Learned a level 4 spell: Summon Ice Beast
  3150 | D:3      | Reached skill level 6 in Summonings
  3156 | D:3      | Gained mutation: You evolve. [potion of mutation]
  3156 | D:3      | Gained mutation: Your flesh is heat resistant. (rF+) [potion of mutation]
  3159 | D:3      | HP: 1/24 [poisoned by an orc]
  3160 | D:3      | Succumbed to an orc's poison

Skill      XL: |  1  2  3  4 |
---------------+-------------+-----
Summonings     | 5 6 |  6.0
Spellcasting   | 4 |  4.0
Dodging        | |  2.4
Stealth        | |  2.4

Action                   |  1- 3 |  4- 6 || total
-------------------------+-------+-------++-------
Melee: Unarmed           |    14 |       ||    14
       Whip              |    93 |    40 ||   133
 Cast: Summon Small Mamm |    18 |       ||    18
       Call Imp          |     7 |       ||     7
       Call Canine Famil |     9 |     5 ||    14
  Use: Potion            |       |     2 ||     2
 Stab: Sleeping          |     6 |     1 ||     7
  Eat: Chunk             |     7 |     1 ||     8
Armor: Robe              |    18 |     8 ||    26
Dodge: Dodged            |    94 |    34 ||   128
